 Dungeon Crawl Stone Soup version 0.26.0-5-gb5863c6483 (webtiles) character file.

Game seed: 14880392160666989221

171 Destapler the Ducker (level 5, -2/43 HPs)
             Began as a Gnoll Gladiator on Jan 11, 2021.
             Was an Initiate of Sif Muna.
             Slain by Natasha (8 damage)
             ... on level 1 of the Dungeon.
             The game lasted 00:03:45 (2310 turns).

Destapler the Ducker (Gnoll Gladiator)              Turns: 2310, Time: 00:03:45

Health: -2/43      AC:  4    Str: 16    XL:     5   Next: 51%
Magic:  7/7        EV: 16    Int: 11    God:    Sif Muna [......]
Gold:   105        SH:  0    Dex: 17    Spells: 7/7 levels left

rFire    . . .     SeeInvis +   a - +0 trident
rCold    . . .     Faith    .   (no shield)
rNeg     . . .     Spirit   .   b - +0 leather armour
rPois    .         Reflect  .   c - +0 helmet
rElec    .         Harm     .   (no cloak)
rCorr    .         Rampage  .   (no gloves)
Will     .....                  (no boots)
Stlth    ++........             (no amulet)
HPRegen  0.14/turn              e - -4 ring of slaying (curse)
MPRegen  0.10/turn              h - ring of see invisible

@: mighty
A: distributed training, fangs 1, strong nose
a: Renounce Religion


You were on level 1 of the Dungeon.
You worshipped Sif Muna.
Sif Muna was noncommittal.
You visited 1 branch of the dungeon, and saw 2 of its levels.

You collected 105 gold pieces.

Inventory:

Hand Weapons
 a - a +0 trident (weapon)
Missiles
 d - 3 throwing nets (quivered)
 g - 45 poisoned darts
Armour
 b - a +0 leather armour (worn)
 c - a +0 helmet (worn)
Jewellery
 e - a cursed -4 ring of slaying (left hand)
 h - a ring of see invisible (right hand)
Wands
 l - a wand of digging (4)
Potions
 k - a potion of might
 m - a potion of degeneration {unknown}
 n - a potion of heal wounds {unknown}


   Skills:
 + Level 4.8 Fighting
 + Level 1.5 Short Blades
 + Level 1.5 Long Blades
 + Level 1.5 Axes
 + Level 1.5 Maces & Flails
 + Level 6.7 Polearms
 + Level 1.5 Staves
 + Level 1.5 Slings
 + Level 1.5 Bows
 + Level 1.5 Crossbows
 + Level 4.8 Throwing
 + Level 1.5 Armour
 + Level 6.7 Dodging
 + Level 1.5 Stealth
 + Level 1.5 Shields
 + Level 1.5 Unarmed Combat
 + Level 1.5 Spellcasting
 + Level 1.2 Conjurations
 + Level 1.2 Hexes
 + Level 1.2 Summonings
 + Level 1.2 Necromancy
 + Level 1.2 Translocations
 + Level 1.2 Transmutations
 + Level 1.2 Fire Magic
 + Level 1.2 Ice Magic
 + Level 1.2 Air Magic
 + Level 1.2 Earth Magic
 + Level 1.2 Poison Magic
 + Level 1.7 Invocations
 + Level 1.5 Evocations


You had 7 spell levels left.
You didn't know any spells.
Your spell library was empty.

Dungeon Overview and Level Annotations

Branches:
Dungeon (2/15)

Altars:
Sif Muna
Xom

Annotations:
D:1 Natasha


Innate Abilities, Weirdness & Mutations

Your experience applies equally to all skills.
You have very sharp teeth.
Your uncanny sense of smell can sniff out nearby items.


Message History

Your resistance to elements expires.
Natasha zaps a wand.
The puff of flame misses you.
It was a potion of might.
You feel very mighty all of a sudden. Natasha misses you.
Your leather armour prevents you from hitting Natasha.
Natasha is heavily wounded.
Natasha misses you.
You closely miss Natasha. Your bite misses Natasha.
Natasha is heavily wounded.
You barely miss Natasha.
Natasha is heavily wounded.
Natasha barely misses you.
You barely miss Natasha.
Natasha is heavily wounded.
Natasha closely misses you.
You closely miss Natasha.
Natasha is heavily wounded.
Natasha claws you!
You die...

#........#.#
#..........##.
#........#.#
########...##.
#........#.# #...##.
##.#####.#.# #...##. #.#
#.#.# #...##. #.#
#.#.##########...##. #.#
#.................#.
#.#######.###.............
#.#.....h@................
#.#.#########.#########.##
######.#.# #.# #.#
#......#.# #.# #.#
#.######.# #.# #####.##
#.# #.# #######'###
#...)... #.# #.#
#.........###.###### #.#
#.# #......)............
#.######.#
#.....†...###.######


You could see Natasha.

Vanquished Creatures
  2 jellies (D:2)
  Natasha (D:2)
  3 adders (D:2)
  3 oozes (D:1)
  2 worms (D:2)
  A dart slug (D:1)
  2 leopard geckos
  A ball python (D:1)
  5 bats
  7 hobgoblins
  An iguana (D:2)
  5 frilled lizards (D:1)
  3 goblins (D:1)
  2 kobolds
  3 rats
41 creatures vanquished.

Notes
Turn   | Place    | Note
-------+----------+-------------------------------------------
     0 | D:1      | Destapler the Gnoll Gladiator began the quest for the Orb.
     0 | D:1      | Reached XP level 1. HP: 20/20 MP: 1/1
   150 | D:1      | Reached XP level 2. HP: 26/26 MP: 2/2
   349 | D:1      | Reached XP level 3. HP: 17/31 MP: 3/3
   721 | D:1      | Reached skill level 1 in Invocations
   998 | D:2      | Found a shimmering blue altar of Sif Muna.
  1034 | D:2      | Reached skill level 1 in Short Blades
  1034 | D:2      | Reached skill level 1 in Long Blades
  1034 | D:2      | Reached skill level 1 in Axes
  1034 | D:2      | Reached skill level 1 in Maces & Flails
  1034 | D:2      | Reached skill level 1 in Staves
  1034 | D:2      | Reached skill level 1 in Slings
  1034 | D:2      | Reached skill level 1 in Bows
  1034 | D:2      | Reached skill level 1 in Crossbows
  1034 | D:2      | Reached skill level 1 in Armour
  1034 | D:2      | Reached skill level 1 in Stealth
  1034 | D:2      | Reached skill level 1 in Shields
  1034 | D:2      | Reached skill level 1 in Unarmed Combat
  1034 | D:2      | Reached skill level 1 in Spellcasting
  1034 | D:2      | Reached skill level 1 in Evocations
  1065 | D:2      | Became a worshipper of Sif Muna the Loreminder
  1387 | D:2      | Reached XP level 4. HP: 33/38 MP: 5/5
  1783 | D:2      | Found a shimmering altar of Xom.
  1896 | D:2      | Reached skill level 1 in Conjurations
  1896 | D:2      | Reached skill level 1 in Hexes
  1896 | D:2      | Reached skill level 1 in Summonings
  1896 | D:2      | Reached skill level 1 in Necromancy
  1896 | D:2      | Reached skill level 1 in Translocations
  1896 | D:2      | Reached skill level 1 in Transmutations
  1896 | D:2      | Reached skill level 1 in Fire Magic
  1896 | D:2      | Reached skill level 1 in Ice Magic
  1896 | D:2      | Reached skill level 1 in Air Magic
  1896 | D:2      | Reached skill level 1 in Earth Magic
  1896 | D:2      | Reached skill level 1 in Poison Magic
  1896 | D:2      | Reached XP level 5. HP: 41/43 MP: 6/6
  2134 | D:2      | Noticed Natasha
  2268 | D:2      | Killed Natasha
  2295 | D:2      | Noticed Natasha
  2310 | D:1      | Slain by Natasha

Illustrated notes

Levels and vault maps discovered:
D:1:      lemuel_arrival_broad_hall, layout_basic, corexii_corridor_pit
D:2:      layout_loops_ring, overflow_temple_1_default, dk_xom_monty_hall,
          uniq_natasha

Skill      XL: |  1  2  3  4 |
---------------+-------------+-----
Invocations    | 1 |  1.7
Short Blades   | 1 |  1.5
Long Blades    | 1 |  1.5
Axes           | 1 |  1.5
Maces & Flails | 1 |  1.5
Staves         | 1 |  1.5
Slings         | 1 |  1.5
Bows           | 1 |  1.5
Crossbows      | 1 |  1.5
Armour         | 1 |  1.5
Stealth        | 1 |  1.5
Shields        | 1 |  1.5
Unarmed Combat | 1 |  1.5
Spellcasting   | 1 |  1.5
Evocations     | 1 |  1.5
Conjurations   | 1 |  1.2
Hexes          | 1 |  1.2
Summonings     | 1 |  1.2
Necromancy     | 1 |  1.2
Translocations | 1 |  1.2
Transmutations | 1 |  1.2
Fire Magic     | 1 |  1.2
Ice Magic      | 1 |  1.2
Air Magic      | 1 |  1.2
Earth Magic    | 1 |  1.2
Poison Magic   | 1 |  1.2
Fighting       | |  4.8
Polearms       | |  6.7
Throwing       | |  4.8
Dodging        | |  6.7

Action                   |  1- 3 |  4- 6 || total
-------------------------+-------+-------++-------
Melee: Trident           |   124 |   112 ||   236
       Bite              |    11 |     9 ||    20
  Use: Scroll            |     2 |     1 ||     3
       Potion            |       |     4 ||     4
 Stab: Sleeping          |       |     1 ||     1
Armor: Leather armour    |    26 |     5 ||    31
Dodge: Dodged            |    82 |    57 ||   139
